 Dungeon Crawl Stone Soup version 0.29-a0-542-g075992c915 (webtiles) character file.

Game seed: 9744736135280256216

88 bande the Thaumaturge (level 4, -1/32 HPs)
             Began as a Gnoll Wanderer on June 5, 2022.
             Slain by a kobold
             ... wielding a +0 club
              (3 damage)
             ... on level 3 of the Dungeon.
             The game lasted 00:04:43 (3165 turns).

bande the Thaumaturge (Gnoll Wanderer)              Turns: 3165, Time: 00:04:44

Health: -1/32      AC: 13    Str: 11    XL:     4   Next: 53%
Magic:  17/17      EV: 11    Int: 12    God:
Gold:   95         SH:  0    Dex: 13    Spells: 25/25 levels left

rFire   . . .      SeeInvis .   h - +1 long sword
rCold   + . .      Faith    .   (no shield)
rNeg    + . .      Spirit   .   e - +5 ring mail of Orthodoxy {+Inv Fly rN+}
rPois   .          Reflect  .   d - +0 helmet
rElec   .          Harm     .   (no cloak)
rCorr   .          Rampage  .   (no gloves)
Will    .....                   (no boots)
Stlth   +.........              (no amulet)
HPRegen 0.10/turn               c - ring of protection from cold
MPRegen 0.15/turn               (no ring)

@: attractive, flying
A: fangs 1, strong nose, distributed training, iridescent scales 1
a: Evoke Invisibility


You were on level 3 of the Dungeon.
You visited 1 branch of the dungeon, and saw 3 of its levels.

You collected 95 gold pieces.

Inventory:

Hand Weapons
 h - a +1 long sword (weapon)
Armour
 d - a +0 helmet (worn)
 e - the +5 ring mail of Orthodoxy (worn) {+Inv Fly rN+}
   (You found it on level 3 of the Dungeon)

   rN:        It protects you from negative energy.
   +Inv:      It lets you turn invisible.
   Fly:       It grants you flight.
Jewellery
 c - a ring of protection from cold (left hand)
Scrolls
 b - a scroll of fog
Potions
 j - a potion of attraction


   Skills:
 + Level 1.2 Fighting
 + Level 1.2 Short Blades
 + Level 1.2 Long Blades
 + Level 1.2 Axes
 + Level 1.2 Maces & Flails
 + Level 1.2 Polearms
 + Level 1.2 Staves
 + Level 1.2 Slings
 + Level 1.2 Bows
 + Level 1.2 Crossbows
 + Level 1.2 Throwing
 + Level 1.2 Armour
 + Level 2.8 Dodging
 + Level 1.2 Stealth
 + Level 1.2 Shields
 + Level 1.2 Unarmed Combat
 + Level 11.3 Spellcasting
 + Level 1.0 Conjurations
 + Level 1.0 Hexes
 + Level 1.0 Summonings
 + Level 3.8 Necromancy
 + Level 1.0 Translocations
 + Level 1.0 Transmutations
 + Level 1.0 Fire Magic
 + Level 1.0 Ice Magic
 + Level 1.0 Air Magic
 + Level 1.0 Earth Magic
 + Level 1.0 Poison Magic
 + Level 1.3 Invocations
 + Level 2.8 Evocations


You had 25 spell levels left.
You didn't know any spells.
Your spell library contained the following spells:

 Spells                   Type           Power      Damage    Failure   Level
 Necrotize                Necr           64%        1d7       4%          1
 Apportation              Tloc           18%        N/A       16%         1
 Foxfire                  Conj/Fire      36%        2x1d5     16%         1
 Slow                     Hex            36%        N/A       16%         1
 Vampiric Draining        Necr           16%        2d7       16%         3


Dungeon Overview and Level Annotations

Branches:
Dungeon (3/15)

Altars:
Elyvilon

Shops:
D:1 (


Innate Abilities, Weirdness & Mutations

You have very sharp teeth.
Your uncanny sense of smell can sniff out nearby items.
Your experience applies equally to all skills.
You are partially covered in iridescent scales. (AC +2)


Message History

The adder closely misses you. The orc hits you but does no damage.
The kobold closely misses you. The adder closely misses you.
The kobold hits you but does no damage.
Unknown command.
You barely miss the orc.
The orc is moderately wounded.
The adder bites you but does no damage. The orc barely misses you.
The orc hits you but does no damage. The kobold hits you but does no damage.
The adder barely misses you.
You hit the orc.
The orc is severely wounded.
The adder closely misses you. The orc closely misses you.
The orc hits you but does no damage. The kobold barely misses you.
The adder barely misses you.
Unknown command.
You slash the orc!
You kill the orc!
The orc hits you but does no damage. The kobold hits you with a +0 club.
* * * LOW HITPOINT WARNING * * *
The adder bites you but does no damage. The orc barely misses you. x2
The kobold hits you with a +0 club.
* * * LOW HITPOINT WARNING * * *
You hit the orc.
You kill the orc!
The adder closely misses you. The adder barely misses you.
The orc closely misses you. The kobold barely misses you.
Your Conjurations skill increases to level 1!
Your Hexes skill increases to level 1!
Your Summonings skill increases to level 1!
Your Translocations skill increases to level 1!
Your Transmutations skill increases to level 1!
Your Fire Magic skill increases to level 1!
Your Ice Magic skill increases to level 1!
Your Air Magic skill increases to level 1!
Your Earth Magic skill increases to level 1!
Your Poison Magic skill increases to level 1!
You slash the orc!
You kill the orc!
The adder misses you. The kobold hits you with a +0 club.
You die...

.........#
#...........#
#.......?...#
#...........#
#...........#
#...........#
#...........#
#..K)S......#
#...@)......#
#############


You could see an adder and a kobold.

Vanquished Creatures
  Jessica (D:2)
  An adder (D:2)
  3 dart slugs
  3 orcs (D:3)
  5 ball pythons (D:1)
  3 bats (D:1)
  6 endoplasms
  2 giant cockroaches (D:2)
  6 goblins
  2 hobgoblins (D:2)
  2 quokkas
  3 frilled lizards
  4 kobolds
  4 rats
45 creatures vanquished.

Notes
Turn   | Place    | Note
-------+----------+-------------------------------------------
     0 | D:1      | Reached skill level 11 in Spellcasting
     0 | D:1      | bande the Gnoll Wanderer began the quest for the Orb.
     0 | D:1      | bande set off with the following items: a +0 dagger, a
                  | scroll of fog, a +0 robe, a +0 helmet; and the following
                  | spells available to memorise: Necrotize, Vampiric Draining,
                  | Apportation, Foxfire, Slow
     0 | D:1      | Reached XP level 1. HP: 13/13 MP: 12/12
   685 | D:1      | Reached XP level 2. HP: 18/19 MP: 14/14
  1128 | D:1      | Found Ucithroc's Weapon Boutique.
  1141 | D:1      | Noticed an eye of devastation
  1143 | D:1      | Found a faded altar of an unknown god.
  1158 | D:1      | Noticed a shining eye
  1170 | D:1      | Noticed an eye of devastation
  1795 | D:1      | Reached XP level 3. HP: 22/25 MP: 15/15
  1933 | D:2      | Found a white marble altar of Elyvilon.
  2311 | D:2      | Reached skill level 1 in Invocations
  2475 | D:2      | Noticed Jessica
  2479 | D:2      | Killed Jessica
  2480 | D:2      | Reached skill level 1 in Fighting
  2480 | D:2      | Reached skill level 1 in Short Blades
  2480 | D:2      | Reached skill level 1 in Long Blades
  2480 | D:2      | Reached skill level 1 in Axes
  2480 | D:2      | Reached skill level 1 in Maces & Flails
  2480 | D:2      | Reached skill level 1 in Polearms
  2480 | D:2      | Reached skill level 1 in Staves
  2480 | D:2      | Reached skill level 1 in Slings
  2480 | D:2      | Reached skill level 1 in Bows
  2480 | D:2      | Reached skill level 1 in Crossbows
  2480 | D:2      | Reached skill level 1 in Throwing
  2480 | D:2      | Reached skill level 1 in Armour
  2480 | D:2      | Reached skill level 1 in Stealth
  2480 | D:2      | Reached skill level 1 in Shields
  2480 | D:2      | Reached skill level 1 in Unarmed Combat
  2480 | D:2      | Reached XP level 4. HP: 32/32 MP: 17/17
  3122 | D:3      | Identified the +5 ring mail of Orthodoxy {+Inv Fly rN+}
  3157 | D:3      | Gained mutation: You sometimes lose the ability to read
                  | scrolls when taking damage. [potion of mutation]
  3157 | D:3      | Lost mutation: You sometimes lose the ability to read
                  | scrolls when taking damage. [potion of mutation]
  3157 | D:3      | Gained mutation: You are partially covered in iridescent
                  | scales. (AC +2) [potion of mutation]
  3163 | D:3      | HP: 1/32 [kobold/+0 club (2)]
  3165 | D:3      | Reached skill level 1 in Conjurations
  3165 | D:3      | Reached skill level 1 in Hexes
  3165 | D:3      | Reached skill level 1 in Summonings
  3165 | D:3      | Reached skill level 1 in Translocations
  3165 | D:3      | Reached skill level 1 in Transmutations
  3165 | D:3      | Reached skill level 1 in Fire Magic
  3165 | D:3      | Reached skill level 1 in Ice Magic
  3165 | D:3      | Reached skill level 1 in Air Magic
  3165 | D:3      | Reached skill level 1 in Earth Magic
  3165 | D:3      | Reached skill level 1 in Poison Magic
  3165 | D:3      | Slain by a kobold

Illustrated notes

Levels and vault maps discovered:
D:1:      amcnicky_arrival_feature_with_door, layout_basic,
          hellmonk_ecumenical_altar_watching_god, serial_shops,
          nicolae_shop_temple_entry_statues_fountains
D:2:      layout_loops_ring, basic_altar, uniq_jessica
D:3:      layout_basic

Skill      XL: |  1  2  3  4 |
---------------+-------------+-----
Spellcasting   | | 11.3
Invocations    | 1 |  1.3
Fighting       | 1 |  1.2
Short Blades   | 1 |  1.2
Long Blades    | 1 |  1.2
Axes           | 1 |  1.2
Maces & Flails | 1 |  1.2
Polearms       | 1 |  1.2
Staves         | 1 |  1.2
Slings         | 1 |  1.2
Bows           | 1 |  1.2
Crossbows      | 1 |  1.2
Throwing       | 1 |  1.2
Armour         | 1 |  1.2
Stealth        | 1 |  1.2
Shields        | 1 |  1.2
Unarmed Combat | 1 |  1.2
Conjurations   | 1 |  1.0
Hexes          | 1 |  1.0
Summonings     | 1 |  1.0
Translocations | 1 |  1.0
Transmutations | 1 |  1.0
Fire Magic     | 1 |  1.0
Ice Magic      | 1 |  1.0
Air Magic      | 1 |  1.0
Earth Magic    | 1 |  1.0
Poison Magic   | 1 |  1.0
Dodging        | |  2.8
Necromancy     | |  3.8
Evocations     | |  2.8

Action                   |  1- 3 |  4- 6 || total
-------------------------+-------+-------++-------
Melee: Mace              |    26 |       ||    26
       Long sword        |    70 |    62 ||   132
       Bite              |     7 |     5 ||    12
       Punch             |     1 |       ||     1
  Use: Scroll            |     4 |     1 ||     5
       Potion            |       |     2 ||     2
Armor: Robe              |    35 |       ||    35
       Ring mail         |    18 |    55 ||    73
Dodge: Dodged            |    73 |    79 ||   152

Table legend: (Time is in decaauts)
 A = Elapsed time spent in this place.
 B = Non-inter-level travel time spent in this place.
 C = Inter-level travel time spent in this place.
 D = Time resting spent in this place.
 E = Time spent auto-exploring this place.
 F = Levels seen in this place.
 G = Mean time per level.
                   A        B        C        D        E       F      G
               +--------+--------+--------+--------+--------+-----+--------+
         Total |   3221 |   3084 |    137 |    993 |   1643 |   3 | 1073.7 |
       Dungeon |   3221 |   3084 |    137 |    993 |   1643 |   3 | 1073.7 |
               +--------+--------+--------+--------+--------+-----+--------+

Top non-repeatable levels by time:
     D:1: 2259 daAuts
     D:2: 874 daAuts
     D:3: 87 daAuts
